[Event "The Schackveckan 2023: Göteborg open"]
[Site "Göteborgs schackcentrum, Vegagatan 20, Gothenburg, Sweden"]
[Date "2023.08.13"]
[Round "7.5"]
[White "Eriksson, Kristian"]
[Black "Degerfeldt, Sven"]
[Result "1/2-1/2"]
[TimeControl "15 minutes + 5 seconds per move from move one (Round 1 - 4) / 90 minutes + 30 seconds per move from move one (Round 5 - 8)"]
[WhiteFideId "1705172"]
[BlackFideId "1717430"]
[WhiteElo "2057"]
[BlackElo "1821"]

1. e4 c5 2. Nc3 e6 3. Nf3 a6 4. d4 cxd4 5. Nxd4 Nc6 6. Nxc6 bxc6 7. Bd3 d5 8. O-O Nf6 9. e5 Nd7 10.
Bf4 Be7 11. Na4 Qc7 12. Re1 c5 13. c4 d4 14. Be4 Bb7 15. Bxb7 Qxb7 16. b3 O-O 17. Nb2 Rfd8 18. Qg4 Nf8 19.
h4 Ng6 20. Bg3 Bf8 21. Nd3 Qc6 22. h5 Ne7 23. Bh4 Rd7 24. Bxe7 Bxe7 25. Re4 a5 26. Nb2 Rad8 27. Rd1 d3 28.
h6 g6 29. Rd2 Bf8 30. Qf3 Bxh6 31. Rxd3 Rxd3 32. Nxd3 Bf8 33. Re3 Qd7 34. Qe4 Qc7 35. Qf3 Rd4 36. Re4 Qd7 37. Rxd4 Qxd4 38.
Qe2 Be7 39. g3 h5 40. Kg2 h4 41. Qe3 Qxe3 42. fxe3 hxg3 43. Kxg3 Kf8 44. Nf2 Ke8 45. Ne4 Kd7 46. Kg4 Kc6 47.
Kf4 Kd7 48. Kg4 Kc6 49. Kf4 a4 50.
bxa4 Kb6 1/2-1/2

[Event "The Schackveckan 2023: Göteborg open"]
[Site "Göteborgs schackcentrum, Vegagatan 20, Gothenburg, Sweden"]
[Date "2023.08.13"]
[Round "7.6"]
[White "Sandberg, Lucas"]
[Black "Wengholm, Anders"]
[Result "0-1"]
[TimeControl "15 minutes + 5 seconds per move from move one (Round 1 - 4) / 90 minutes + 30 seconds per move from move one (Round 5 - 8)"]
[WhiteFideId "1773712"]
[BlackFideId "1704818"]
[WhiteElo "1311"]
[BlackElo "2155"]

1. d4 d5 2. c4 e6 3. Nc3 c6 4. Nf3 dxc4 5. a4 Bb4 6. Ne5 b5 7. e3 Nf6 8. Bd2 Bb7 9. Qf3 Qc7 10.
e4 a6 11. Bh6 O-O 12. Ng4 Nxg4 13. Qxg4 f5 14. Bf4 e5 0-1

[Event "The Schackveckan 2023: Göteborg open"]
[Site "Göteborgs schackcentrum, Vegagatan 20, Gothenburg, Sweden"]
[Date "2023.08.13"]
[Round "7.7"]
[White "Johansson, William"]
[Black "Ottgard, Andreas"]
[Result "0-1"]
[TimeControl "15 minutes + 5 seconds per move from move one (Round 1 - 4) / 90 minutes + 30 seconds per move from move one (Round 5 - 8)"]
[WhiteFideId "1744070"]
[BlackFideId "1730592"]
[WhiteElo "2052"]
[BlackElo "1874"]

1. e4 d6 2. d4 Nf6 3. Nc3 g6 4. Be3 c6 5. a4 Qa5 6. f3 Nbd7 7. Nge2 Bg7 8. g4 h5 9. g5 Ng8 10.
Kf2 e6 11. Bh3 Ne7 12. Rf1 Qc7 13. f4 f5 14. gxf6 Nxf6 15. Kg1 Bd7 16. Qd3 Ng4 17. Bxg4 hxg4 18. Ng3 O-O-O 19. Nd1 Rdf8 20.
c3 Kb8 21. a5 e5 22. dxe5 dxe5 23. Bc5 Nc8 24. Bxf8 Bxf8 25. f5 gxf5 26. Nxf5 Bxf5 27. Rxf5 Bc5+ 28. Nf2 Rh3 29. Qe2 Qh7 30.
b4 Rxh2 31. bxc5 g3 0-1

[Event "The Schackveckan 2023: Göteborg open"]
[Site "Göteborgs schackcentrum, Vegagatan 20, Gothenburg, Sweden"]
[Date "2023.08.13"]
[Round "7.8"]
[White "Harila, Per"]
[Black "Granath, Jonas"]
[Result "0-1"]
[TimeControl "15 minutes + 5 seconds per move from move one (Round 1 - 4) / 90 minutes + 30 seconds per move from move one (Round 5 - 8)"]
[WhiteFideId "1707248"]
[BlackFideId "1761013"]
[WhiteElo "2016"]
[BlackElo "1896"]

1. d4 d5 2. c4 e6 3. Nc3 c5 4. cxd5 cxd4 5. Qa4+ Bd7 6. Qxd4 exd5 7. Qxd5 Nf6 8. Qb3 Na6 9. Nf3 Nc5 10.
Qc2 Rc8 11. Bg5 Na4 12. g3 Bb4 13. Bxf6 Qxf6 14. Qe4+ Qe7 15. Qxe7+ Kxe7 16. Nd2 Nxc3 17. bxc3 Rxc3 18. Bg2 Rc2 19.
Rd1 Rhc8 20. Be4 Rxd2 21. Rxd2 Rc1# 0-1

[Event "The Schackveckan 2023: Göteborg open"]
[Site "Göteborgs schackcentrum, Vegagatan 20, Gothenburg, Sweden"]
[Date "2023.08.13"]
[Round "7.9"]
[White "Yang, Mandi"]
[Black "Andersson, Stig"]
[Result "1-0"]
[TimeControl "15 minutes + 5 seconds per move from move one (Round 1 - 4) / 90 minutes + 30 seconds per move from move one (Round 5 - 8)"]
[WhiteFideId "1774778"]
[BlackFideId "1731971"]
[WhiteElo "1457"]
[BlackElo "1811"]

1. e4 e5 2. Nf3 Nc6 3. c3 Be7 4.
d4 d6 5.
d5 Nb8 6. Bd3 Nf6 7. h3 c6 8. c4 Na6 9. Nc3 Nc5 10. b4 Nxd3+ 11. Qxd3 O-O 12. O-O Qc7 13. Be3 Rd8 14. Rac1 Bd7 15.
Rfd1 b6 16. dxc6 Bxc6 17. Nd5 Bxd5 18. cxd5 Qd7 19. Rc6 Rdc8 20. Rdc1 Ne8 21. Ne1 Rc7 22. b5 Bd8 23. Nc2 Rxc6 24.
dxc6 Qe7 25. Nb4 Nc7 26. a4 Rb8 27. Rd1 Ne8 28. Nd5 Qe6 29. Bc1 Rc8 30. Ba3 g6 31. Ne3 Be7 32. Nc4 Rd8 33.
Ne3 Rc8 34. Qc4 Kg7 35. Qb4 Bd8 36. Nc4 Bc7 37. a5 Ra8 38. axb6 axb6 39. Qc3 Ra4 40. Bb4 f6 41. Qb3 Ra7 42.
Qd3 Ra8 43. Qd5 Kf7 44. Qxe6+ Kxe6 45. Ne3 Ra4 46. Nd5 Bd8 47. Bxd6 Nxd6 48. c7 Bxc7 49. Nxc7+ Kd7 50. Nd5 Ke6 51.
Nxb6 Rb4 52. Nd5 Rxe4 53. Nxf6 Rb4 54. Nxh7 Nxb5 55. Ng5+ Kf5 56. Nf3 Nd4 57. Nxd4+ Rxd4 58. Rxd4 exd4 59.
Kf1 Ke4 60. Ke2 d3+ 61. Kd2 Kd4 62. f3 g5 63. g3 Kc4 64. h4 gxh4 65. gxh4 Kd4 66. h5 Ke5 67. Kxd3 Kf5 68. Kd4 Kg5 69.
Ke5 Kxh5 70. Kf6 1-0

[Event "The Schackveckan 2023: Göteborg open"]
[Site "Göteborgs schackcentrum, Vegagatan 20, Gothenburg, Sweden"]
[Date "2023.08.13"]
[Round "7.10"]
[White "Johansson, Roy"]
[Black "Kosmidis, Thomas"]
[Result "1-0"]
[TimeControl "15 minutes + 5 seconds per move from move one (Round 1 - 4) / 90 minutes + 30 seconds per move from move one (Round 5 - 8)"]
[WhiteFideId "1745972"]
[BlackFideId "1753380"]
[WhiteElo "1890"]
[BlackElo "1721"]

1. d4 c6 2. Bf4 d5 3. e3 Nf6 4. Nd2 Bf5 5. Ngf3 Nbd7 6. h3 h6 7. c4 e6 8. Qb3 b6 9. cxd5 cxd5 10.
Ba6 e5 11. Nxe5 Nxe5 12. Bxe5 Bd6 13. Bb7 Rb8 14. Bxd5 O-O 15. Bxd6 Qxd6 16. Bf3 Rfe8 17. O-O g5 18. Nc4 Qe7 19.
Ne5 Rbc8 20. Rac1 Be4 21. Bxe4 Nxe4 22. Qd3 Nf6 23. Qf5 Rxc1 24. Rxc1 Kg7 25. a3 Qd8 26. Qf3 Re6 27. Qb7 Re7 28.
Qc8 Qxc8 29. Rxc8 Nd5 30. Nc6 Rb7 31. Ra8 a5 32. Ra7 Rxa7 33. Nxa7 f5 34. Nb5 Kf6 35. Kf1 h5 36. Ke2 h4 37.
f3 Ke6 38. Nc3 Nf6 39. e4 fxe4 40. Nxe4 Nh7 41. Ke3 Kd5 42. Kd3 b5 43. Nc3+ Kc6 44. Ke4 b4 45. axb4 axb4 46. Nd5 b3 47.
Ke5 Kb5 48. Ne3 Nf8 49. Kf6 Kc6 50. Kxg5 Ne6+ 51. Kxh4 Nxd4 52. Kg4 1-0

[Event "The Schackveckan 2023: Göteborg open"]
[Site "Göteborgs schackcentrum, Vegagatan 20, Gothenburg, Sweden"]
[Date "2023.08.13"]
[Round "7.11"]
[White "Buzleta, Patrik"]
[Black "Granath, Andreas"]
[Result "0-1"]
[TimeControl "15 minutes + 5 seconds per move from move one (Round 1 - 4) / 90 minutes + 30 seconds per move from move one (Round 5 - 8)"]
[WhiteFideId "1755463"]
[BlackFideId "1743333"]
[WhiteElo "1604"]
[BlackElo "1673"]

1. Nf3 d5 2. e3 c5 3. h3 Nc6 4. b3 e5 5. Bb5 Bd6 6. Bb2 Qc7 7. O-O Nge7 8. d4 cxd4 9. exd4 e4 10.
Ne5 O-O 11. f4 f6 12. a3 fxe5 13. fxe5 Rxf1+ 14. Bxf1 Nxe5 15. dxe5 Bxe5 16. Bxe5 Qxe5 17. c3 Qg3 18. c4 Qe3+ 19.
Kh1 d4 20. Ra2 Nf5 21. Rd2 d3 22. Bxd3 exd3 23. Rxd3 Qf2 24. Rf3 Qd4 25. Rd3 Qf4 26. Rf3 Qc7 27. g4 Bd7 28. Nc3 Ne7 29.
Re3 Bc6+ 30. Kg1 Rf8 31. Nd5 Nxd5 32. cxd5 Qb6 33. Qd2 Re8 34. dxc6 Qxe3+ 35. Qxe3 Rxe3 0-1

[Event "The Schackveckan 2023: Göteborg open"]
[Site "Göteborgs schackcentrum, Vegagatan 20, Gothenburg, Sweden"]
[Date "2023.08.13"]
[Round "7.12"]
[White "Mohammed, Safian Haj"]
[Black "Thern, Alfred"]
[Result "1/2-1/2"]
[TimeControl "15 minutes + 5 seconds per move from move one (Round 1 - 4) / 90 minutes + 30 seconds per move from move one (Round 5 - 8)"]
[WhiteFideId "1729276"]
[BlackFideId "1775227"]
[WhiteElo "1862"]
[BlackElo "1643"]

1. e4 e5 2. Nf3 Nf6 3. Nxe5 d6 4. Nf3 Nxe4 5. d4 d5 6. Bd3 Bd6 7. O-O O-O 8. c4 c6 9. cxd5 cxd5 10. Nc3 Nf6 11. Bg5 Be6 12. Qb3 Nc6 13. a3 Na5 14. Qc2 h6 15.
Bh4 Be7 16. Rfe1 Nc6 17. h3 Rc8 18. Rad1 Qd7 19. Qe2 a6 20. Bb1 g5 21. Bg3 Bd6 22. Ne5 Qc7 23. Nxf7 Bxf7 24. Qd3 Bxg3 25.
fxg3 Be8 26. Re6 Qg7 27. Ba2 Bf7 28. Re3 Rcd8 29. Rf1 Bg6 30. Qd2 Kh8 31. h4 Be4 32. hxg5 Qxg5 33. Rf4 Ng4 34.
Rxg4 Qxg4 35. Rxe4 Qg5 36. Qxg5 hxg5 37. Nxd5 Rf5 38. Ne3 Rb5 39. b4 Rxd4 40. Re8+ Kh7 41. Bb1+ Kg7 42. Nf5+ Rxf5 43.
Bxf5 Rd1+ 44. Kf2 Rd2+ 45. Kf3 Nd4+ 46. Kg4 Kf6 47. Bc8 Nc6 48. Bxb7 Ne5+ 49. Rxe5 Kxe5 50. Bxa6 Rxg2 51. b5 Kd6 52.
Bb7 Rg1 53. a4 Kc5 54. Bc6 Kb6 55. Kf3 Rc1 56. Ke4 Rg1 57. Kf3 Rc1 58. Bd7 Rc4 1/2-1/2

[Event "The Schackveckan 2023: Göteborg open"]
[Site "Göteborgs schackcentrum, Vegagatan 20, Gothenburg, Sweden"]
[Date "2023.08.13"]
[Round "7.13"]
[White "Torres, Lucas"]
[Black "Lindholm, Marcus"]
[Result "1-0"]
[TimeControl "15 minutes + 5 seconds per move from move one (Round 1 - 4) / 90 minutes + 30 seconds per move from move one (Round 5 - 8)"]
[WhiteFideId "1769464"]
[BlackFideId "1743473"]
[WhiteElo "1501"]
[BlackElo "1708"]

1. e4 c5 2. Nc3 Nc6 3. Bb5 Nd4 4. Nf3 g6 5. Nxd4 cxd4 6. Ne2 Bg7 7. d3 e6 8. O-O Ne7 9. f4 O-O 10.
Ba4 d5 11. e5 f6 12. exf6 Bxf6 13. Ng3 b5 14. Bb3 a5 15. a4 b4 16. Bd2 Bd7 17. Rc1 Qe8 18. c3 dxc3 19. bxc3 Nc6 20.
Re1 bxc3 21. Bxc3 Bxc3 22. Rxc3 Qb8 23. Ne2 Nd4 24. Nxd4 Qb6 25. Kh1 Qxd4 26. Rc7 Rf7 27. g3 Rb8 28.
Qc2 Rb4 29. Rxd7 Rxd7 30. Qc8+ Kg7 31. Qxd7+ Kh6 32. Bd1 Rb6 33. Qe7 Rb8 34. Qg5+ Kg7 35. Qe5+ Qxe5 36. Rxe5 Rb1 37. Re1 Kf6 38.
Kg2 1-0

[Event "The Schackveckan 2023: Göteborg open"]
[Site "Göteborgs schackcentrum, Vegagatan 20, Gothenburg, Sweden"]
[Date "2023.08.13"]
[Round "7.14"]
[White "Svensson, Leif"]
[Black "Pintaric, Felix"]
[Result "1-0"]
[TimeControl "15 minutes + 5 seconds per move from move one (Round 1 - 4) / 90 minutes + 30 seconds per move from move one (Round 5 - 8)"]
[WhiteFideId "1702459"]
[BlackFideId "1776096"]
[WhiteElo "2038"]
[BlackElo "1483"]

1. d4 Nf6 2. Nc3 d5 3. Bf4 e6 4. e3 Bb4 5. Bd3 c5 6. dxc5 Nc6 7. Nge2 a6 8. a3 Bxc5 9. Ng3 O-O 10.
O-O h6 11. e4 d4 12. Nce2 e5 13. Bc1 Re8 14. f4 Ng4 15. f5 b5 16. Rf3 Qh4 17. h3 Ne3 18. Qe1 Nxf5 19. exf5 e4 20. Rf4 exd3 21. Rxh4 dxe2 22.
Re4 Bxf5 23. Rxe8+ Rxe8 24. Nxf5 d3+ 25. Kh1 g6 26.
Nxh6+ Kg7 27. cxd3 Nd4 28. Bd2 Nc2 29. Qc1 e1=Q+ 30. Bxe1 Rxe1+ 31. Qxe1 Nxe1 32. Rxe1 Kxh6 33. Re4 Kg7 34.
g4 1-0

[Event "The Schackveckan 2023: Göteborg open"]
[Site "Göteborgs schackcentrum, Vegagatan 20, Gothenburg, Sweden"]
[Date "2023.08.13"]
[Round "7.15"]
[White "Havner, Arvid"]
[Black "Wennerlund, Elias"]
[Result "1-0"]
[TimeControl "15 minutes + 5 seconds per move from move one (Round 1 - 4) / 90 minutes + 30 seconds per move from move one (Round 5 - 8)"]
[WhiteFideId "1769308"]
[BlackFideId "1742353"]
[WhiteElo "1825"]
[BlackElo "1710"]

1. e4 Nf6 2. e5 Nd5 3. d4 d6 4.
c4 Nb6 5. f4 dxe5 6. fxe5 c5 7. d5 g6 8. Nf3 Bg4 9. h3 Bxf3 10. Qxf3 Bg7 11. e6 O-O 12. Qe3 Qc8 13. exf7+ Rxf7 14.
Be2 Bd4 15. Qb3 Bf2+ 16. Kd1 h5 17. Be3 Qf8 18. Rf1 N8d7 19. Nd2 Bxe3 20. Rxf7 Qxf7 21. Qxe3 Qf6 22. Kc2 Qe5 23. Qxe5 Nxe5 24.
b3 e6 25. Nf3 exd5 26. cxd5 Nbd7 27. Nxe5 Nxe5 28. Re1 Nd7 29. Bb5 Rd8 30. Re7 Nf6 31. Rxb7 Nxd5 32. Bc4 a5 33. Rb5 Kg7 34.
Bxd5 Rxd5 35. Rxa5 Rg5 36. g4 hxg4 37. hxg4 Rxg4 38. Kc3 Rg2 39. a4 g5 40. Rxc5 g4 41. a5 g3 42. a6 Ra2 43.
Rg5+ Kf6 44. Rxg3 Rxa6 45. Re3 Ra1 46. Kc4 Rc1+ 47. Kb5 Rb1 48. b4 Rb2 49. Kc5 1-0

[Event "The Schackveckan 2023: Göteborg open"]
[Site "Göteborgs schackcentrum, Vegagatan 20, Gothenburg, Sweden"]
[Date "2023.08.13"]
[Round "7.16"]
[White "Johansson, Jan"]
[Black "Eldh, Hjalmar"]
[Result "0-1"]
[TimeControl "15 minutes + 5 seconds per move from move one (Round 1 - 4) / 90 minutes + 30 seconds per move from move one (Round 5 - 8)"]
[WhiteFideId "1747568"]
[BlackFideId "1767968"]
[WhiteElo "1694"]
[BlackElo "1738"]

1. d4 Nf6 2. Bf4 g6 3. Nc3 d5 4. Qd2 Bg7 5. Nf3 Bf5 6. h3 c6 7. g4 Ne4 8. Nxe4 Bxe4 9. Bh6 Bxh6 10.
Qxh6 Qa5+ 11. c3 Nd7 12. Rg1 Bxf3 13. exf3 O-O-O 14. Qe3 e5 15. f4 exd4 16. Qxd4 Rhe8+ 17. Kd2 Re4 18. Qd3 Nc5 19.
Qg3 0-1

[Event "The Schackveckan 2023: Göteborg open"]
[Site "Göteborgs schackcentrum, Vegagatan 20, Gothenburg, Sweden"]
[Date "2023.08.13"]
[Round "7.17"]
[White "Al Saab, Ranny"]
[Black "Hallberg, Kristjan"]
[Result "1-0"]
[TimeControl "15 minutes + 5 seconds per move from move one (Round 1 - 4) / 90 minutes + 30 seconds per move from move one (Round 5 - 8)"]
[WhiteFideId "1768360"]
[BlackFideId "1717499"]
[WhiteElo "1598"]
[BlackElo "1592"]

1. e4 c5 2. Nf3 Nc6 3. d4 cxd4 4. Nxd4 Nf6 5. Nc3 e5 6. Nf3 Bb4 7. Bd3 d5 8. O-O Bxc3 9.
exd5 Qxd5 10. bxc3 e4 11. Bxe4 Qxd1 12. Bxc6+ bxc6 13. Rxd1 Bg4 14. Re1+ Kd8 15. Ne5 Be6 16. Nxc6+ Kc7 17.
Nd4 Bc4 18. Bf4+ Kb7 19. Nb3 Ka6 20. Rab1 Rhe8 21. Nc5+ 1-0

[Event "The Schackveckan 2023: Göteborg open"]
[Site "Göteborgs schackcentrum, Vegagatan 20, Gothenburg, Sweden"]
[Date "2023.08.13"]
[Round "8.1"]
[White "Ustianovich, Nazar"]
[Black "Eriksson, Kristian"]
[Result "1-0"]
[TimeControl "15 minutes + 5 seconds per move from move one (Round 1 - 4) / 90 minutes + 30 seconds per move from move one (Round 5 - 8)"]
[WhiteTitle "FM"]
[WhiteFideId "14109778"]
[BlackFideId "1705172"]
[WhiteElo "2314"]
[BlackElo "2057"]

1. d4 Nf6 2. c4 e6 3. g3 d5 4. Bg2 Be7 5. Nf3 O-O 6. O-O c6 7. Nc3 Nbd7 8. Qd3 a5 9. e4 dxe4 10.
Nxe4 Nxe4 11. Qxe4 Qb6 12. c5 Qd8 13. Re1 Nf6 14. Qc2 Nd5 15. h4 Bd7 16. Ne5 Be8 17. Nc4 Bf6 18. Rd1 b5 19.
cxb6 Nxb6 20. Ne5 Bxe5 21. dxe5 Nd5 22. Be4 h6 23. b3 Bd7 24. Ba3 Re8 25. Rac1 Qb6 26. Bc5 Qb7 27. Qd2 Red8 28.
Bb1 Be8 29. Qc2 g6 30. h5 Kg7 31. Qe2 Rd7 32. Qf3 Rad8 33. Rd4 f5 34. exf6+ Nxf6 35. Bf8+ Kxf8 36. Qxf6+ Kg8 37. Rxd7 Qxd7 38.
Bxg6 1-0

[Event "The Schackveckan 2023: Göteborg open"]
[Site "Göteborgs schackcentrum, Vegagatan 20, Gothenburg, Sweden"]
[Date "2023.08.13"]
[Round "8.2"]
[White "Hector, Jonny"]
[Black "Olsson, William"]
[Result "1-0"]
[TimeControl "15 minutes + 5 seconds per move from move one (Round 1 - 4) / 90 minutes + 30 seconds per move from move one (Round 5 - 8)"]
[WhiteTitle "GM"]
[BlackTitle "FM"]
[WhiteFideId "1700090"]
[BlackFideId "1741721"]
[WhiteElo "2466"]
[BlackElo "2400"]

1. d4 d5 2. Nc3 Nf6 3. Bg5 e6 4. e4 dxe4 5. Nxe4 Nbd7 6. Nf3 Be7 7. Nxf6+ Bxf6 8. h4 c5 9. dxc5 Qa5+ 10.
c3 Qxc5 11. Qc2 Ne5 12. Nd2 Bxg5 13. hxg5 Ng6 14. Ne4 Qe5 15. O-O-O O-O 16. g3 Qa5 17. Kb1 e5 18. Bc4 Qc7 19.
Bd5 Be6 20. Bxe6 fxe6 21. Rd6 Rfd8 22. Rhd1 Rxd6 23. Rxd6 Nf8 24. Qd3 a6 25. b3 Re8 26. Kb2 Re7 27. Rd8 Rd7 28. Qxd7 Qxd7 29.
Rxd7 Nxd7 30. c4 b6 31. b4 Kf7 32. c5 bxc5 33. Nxc5 Nb8 34. Kc3 Kg6 35. Nxe6 Kf5 36. Nxg7+ Kxg5 37.
f3 Kf6 38. Nh5+ Kg5 39. g4 e4 40. fxe4 Kxg4 41. Nf6+ Kg5 42. Nxh7+ Kg6 43. Kd4 Kxh7 44. Kd5 Nd7 45. Kc6 Ne5+ 46.
Kb6 Kg6 47. Kxa6 Kf6 48. Kb7 Nc4 49. a4 Nd6+ 50. Kb8 1-0

[Event "The Schackveckan 2023: Göteborg open"]
[Site "Göteborgs schackcentrum, Vegagatan 20, Gothenburg, Sweden"]
[Date "2023.08.13"]
[Round "8.3"]
[White "Wengholm, Anders"]
[Black "Wesslen, Ulf"]
[Result "1/2-1/2"]
[TimeControl "15 minutes + 5 seconds per move from move one (Round 1 - 4) / 90 minutes + 30 seconds per move from move one (Round 5 - 8)"]
[WhiteFideId "1704818"]
[BlackFideId "1705199"]
[WhiteElo "2155"]
[BlackElo "1916"]

1. Nf3 Nf6 2. c4 e6 3. g3 b6 4. Bg2 Bb7 5. O-O Be7 6. Nc3 O-O 7. d4 d5 8. cxd5 exd5 9. Bf4 Re8 10.
Rc1 c6 11. Ne5 Nbd7 12. Qa4 Nxe5 13. dxe5 Nd7 14. h4 Bf8 15. Rfd1 Nxe5 16. e4 b5 17. Qb3 d4 18. Ne2 Qb6 19.
Nxd4 a5 20. Nf5 a4 21. Qc2 c5 22. b3 Qe6 23. h5 h6 24. Ne3 Nc6 25. Nd5 axb3 26. axb3 Nd4 27. Rxd4 cxd4 28. Nc7 Qg4 29.
Nxe8 Rxe8 30. Qd3 Qxh5 31. Qxd4 Qg6 32. f3 Qe6 33. Rc7 1/2-1/2

[Event "The Schackveckan 2023: Göteborg open"]
[Site "Göteborgs schackcentrum, Vegagatan 20, Gothenburg, Sweden"]
[Date "2023.08.13"]
[Round "8.4"]
[White "Bjorklund, Thomas"]
[Black "Yang, Mandi"]
[Result "1-0"]
[TimeControl "15 minutes + 5 seconds per move from move one (Round 1 - 4) / 90 minutes + 30 seconds per move from move one (Round 5 - 8)"]
[WhiteFideId "1724576"]
[BlackFideId "1774778"]
[WhiteElo "2139"]
[BlackElo "1457"]

1. e4 c5 2. c3 d5 3. exd5 Qxd5 4. d4 Nc6 5. Nf3 Bg4 6.
Be2 e6 7. O-O Nf6 8. Be3 cxd4 9. Nxd4 Bxe2 10. Qxe2 Bd6 11. Rd1 Rd8 12. Nd2 O-O 13. N2b3 Bb8 14. Nxc6 Qxc6 15. Nd4 Qc7 16.
Nf3 h6 17. Bd4 Rd5 18. Bxf6 gxf6 19. Rxd5 exd5 20. Qd2 Kh7 21. Qxd5 Rg8 22. Rd1 Qf4 23. g3 Qg4 24. Qxf7+ 1-0

[Event "The Schackveckan 2023: Göteborg open"]
[Site "Göteborgs schackcentrum, Vegagatan 20, Gothenburg, Sweden"]
[Date "2023.08.13"]
[Round "8.5"]
[White "Granath, Jonas"]
[Black "Bengtsson, Siv"]
[Result "1-0"]
[TimeControl "15 minutes + 5 seconds per move from move one (Round 1 - 4) / 90 minutes + 30 seconds per move from move one (Round 5 - 8)"]
[WhiteFideId "1761013"]
[BlackFideId "1701673"]
[WhiteElo "1896"]
[BlackElo "2010"]

1. e4 c5 2. c3 d5 3. exd5 Qxd5 4. d4 Nc6 5. Nf3 Bg4 6. dxc5 Bxf3 7. Qxf3 Qxf3 8. gxf3 e6 9. b4 a5 10.
Bb5 Nge7 11. Bb2 O-O-O 12. a3 Ne5 13. Nd2 N7g6 14. O-O-O Nf4 15. Nc4 Nxc4 16. Rxd8+ Kxd8 17. Bxc4 Be7 18.
Rd1+ Kc8 19. Rd4 e5 20. Rd1 f6 21. Kc2 Rd8 22. Rxd8+ Kxd8 23. Bc1 Kc7 24. Be3 Ng2 25. Bd2 h5 26.
Kd3 Nh4 27. Bd5 f5 28. Kc4 axb4 29. cxb4 g5 30. b5 g4 31. fxg4 hxg4 32. Ba5+ Kb8 33. Bc3 Bf6 34. a4 Ng6 35.
Be6 Ne7 36. a5 Ka7 37. Bd7 Kb8 38. c6 bxc6 39. Bxc6 f4 40. Bd7 g3 41. hxg3 fxg3 42. fxg3 Kc7 43. Bh3 Nc8 44. Bxc8 Kxc8 45.
Kd5 Bd8 46. b6 Kb7 47. g4 Be7 48. Kxe5 Bf8 49. Ke6 1-0

[Event "The Schackveckan 2023: Göteborg open"]
[Site "Göteborgs schackcentrum, Vegagatan 20, Gothenburg, Sweden"]
[Date "2023.08.13"]
[Round "8.6"]
[White "Ottgard, Andreas"]
[Black "Krantz, Martin"]
[Result "0-1"]
[TimeControl "15 minutes + 5 seconds per move from move one (Round 1 - 4) / 90 minutes + 30 seconds per move from move one (Round 5 - 8)"]
[WhiteFideId "1730592"]
[BlackFideId "1724100"]
[WhiteElo "1874"]
[BlackElo "2000"]

1. c4 e6 2. g3 d5 3. Bg2 Nf6 4. Nf3 c5 5. O-O Nc6 6. e3 d4 7. exd4 cxd4 8. Re1 Bd6 9. d3 O-O 10.
Na3 e5 11. Nc2 a5 12. a3 h6 13. Rb1 a4 14. b4 axb3 15. Rxb3 Nd7 16. Nb4 Nc5 17. Nxc6 bxc6 18. Nxe5 Nxb3 19.
Nxc6 Qb6 20. Nb4 Nxc1 21. Bxa8 Qa7 22. Bd5 Bxb4 23. axb4 Na2 24. Qa1 Qa4 25. Qxd4 Nxb4 26. c5 Qd7 27.
Bxf7+ Qxf7 0-1

[Event "The Schackveckan 2023: Göteborg open"]
[Site "Göteborgs schackcentrum, Vegagatan 20, Gothenburg, Sweden"]
[Date "2023.08.13"]
[Round "8.7"]
[White "Degerfeldt, Sven"]
[Black "Johansson, Roy"]
[Result "0-1"]
[TimeControl "15 minutes + 5 seconds per move from move one (Round 1 - 4) / 90 minutes + 30 seconds per move from move one (Round 5 - 8)"]
[WhiteFideId "1717430"]
[BlackFideId "1745972"]
[WhiteElo "1821"]
[BlackElo "1890"]

1. d4 f5 2. g3 g6 3. Bg2 Nf6 4. c4 Bg7 5. Nc3 O-O 6. Nf3 d6 7. e3 Qe8 8. O-O e5 9. Qc2 e4 10.
Nd2 Nc6 11. a3 Bd7 12. b4 g5 13. Nb3 Ng4 14. b5 Ne7 15. h3 Nf6 16. Bd2 Qh5 17. Qd1 Qg6 18. Re1 h5 19. Qe2 Rae8 20.
Rac1 h4 21. Qf1 g4 22. hxg4 hxg3 23. fxg3 Nxg4 24. Bh3 Rf6 25. Ne2 Bh6 26. Nf4 Bxf4 27. Qxf4 Kf7 28. Rf1 Nh6 29. Kf2 Qh5 30.
Rh1 Ng6 31. Bg2 Nxf4 32. Rxh5 Nxh5 33. Rh1 Ng4+ 34. Ke1 Rh6 0-1

[Event "The Schackveckan 2023: Göteborg open"]
[Site "Göteborgs schackcentrum, Vegagatan 20, Gothenburg, Sweden"]
[Date "2023.08.13"]
[Round "8.8"]
[White "Westlund, Tim"]
[Black "Granath, Andreas"]
[Result "1-0"]
[TimeControl "15 minutes + 5 seconds per move from move one (Round 1 - 4) / 90 minutes + 30 seconds per move from move one (Round 5 - 8)"]
[WhiteFideId "1754718"]
[BlackFideId "1743333"]
[WhiteElo "1861"]
[BlackElo "1673"]

1. e4 c5 2. Nf3 Nc6 3. Bb5 g6 4. Bxc6 dxc6 5. d3 Bg7 6. h3 e5 7. Nc3 Qc7 8. Be3 b6 9. Qd2 Nf6 10.
Nh2 Nh5 11. Ne2 O-O 12. g4 Nf6 13. Bh6 c4 14. Qg5 cxd3 15. cxd3 Ba6 16. Bxg7 Kxg7 17. Ng3 Bxd3 18. Nf5+ Kg8 19.
Qxf6 gxf5 20. gxf5 Rfd8 21. Qh6 f6 22. Rg1+ 1-0

[Event "The Schackveckan 2023: Göteborg open"]
[Site "Göteborgs schackcentrum, Vegagatan 20, Gothenburg, Sweden"]
[Date "2023.08.13"]
[Round "8.9"]
[White "Johansson, William"]
[Black "Torres, Lucas"]
[Result "1-0"]
[TimeControl "15 minutes + 5 seconds per move from move one (Round 1 - 4) / 90 minutes + 30 seconds per move from move one (Round 5 - 8)"]
[WhiteFideId "1744070"]
[BlackFideId "1769464"]
[WhiteElo "2052"]
[BlackElo "1501"]

1. d4 d5 2. Nf3 Nf6 3. c3 Bf5 4. Qb3 b6 5. Bf4 e6 6. e3 Bd6 7. Ne5 c6 8. h3 Qc7 9. Nd2 O-O 10. Be2 Nbd7 11. Ndf3 Ne4 12. Rc1 f6 13. Nd3 e5 14. Bh2 Be6 15. O-O c5 16.
Nde1 c4 17. Qc2 b5 18. Nd2 Bf5 19. Nxe4 Bxe4 20. Qd2 exd4 21. Bxd6 dxe3 22. Qxd5+ Bxd5 23. Bxc7 exf2+ 24. Rxf2 Rac8 25.
Bd6 Rfe8 26. Bf3 Bxf3 27. Nxf3 Re6 28. Rd1 Nb6 29. Bg3 Na4 30. Nd4 Rd8 31. Rfd2 Re3 32. Bf2 Rd3 33. Rxd3 cxd3 34.
Rxd3 Nxb2 35. Re3 Nd1 36. Re7 Nxc3 37. Rxa7 Rxd4 38. Bxd4 Ne2+ 39. Kf2 Nxd4 40. Ke3 Nc2+ 41. Ke4 Nb4 42.
g3 h6 43. a3 Nc2 44. Kd3 Ne1+ 45. Kc3 Nf3 46. Kb4 Nd4 47. Kc5 Ne2 48. g4 Nf4 49. h4 Ng6 50. Kxb5 Nxh4 51. Rd7 f5 52.
gxf5 Nxf5 53. a4 g5 54. a5 1-0